 Dungeon Crawl Stone Soup version 0.31-a0-152-g6aa68a64a1 (webtiles) character file.

Game seed: 13894249879396636429

475 qw the Shooter (level 6, 0/57 HPs)
             Began as a Minotaur Hunter on June 10, 2023.
             Slain by an adder (1 damage)
             ... in a sewer.
             The game lasted 00:01:21 (3033 turns).

qw the Shooter (Minotaur Hunter)                    Turns: 3033, Time: 00:01:22

Health: 0/57       AC:  3    Str: 16    XL:     6   Next: 84%
Magic:  5/5        EV: 12    Int:  6    God:
Gold:   117        SH:  0    Dex: 15    Spells: 5/5 levels left

rFire   . . .        Y - +1 shortbow (freeze)
rCold   . . .        (shield currently unavailable)
rNeg    . . .        a - +1 robe {Will+}
rPois   .            (helmet restricted)
rElec   .            (no cloak)
rCorr   +            (no gloves)
SInv    .            (no boots)
Will    ++...        (no amulet)
Stlth   ++           c - ring of resist corrosion
HPRegen 0.29/turn    (no ring)
MPRegen 0.09/turn

%: no passive effects
@: lethally poisoned (0 -> -5)
A: horns 2, retaliatory headbutt, hooves 1, strong-willed 1, evolution 1
a: no special abilities


You were in a sewer.
You visited 1 branch of the dungeon, and saw 4 of its levels.
You also visited: Sewer.

You collected 117 gold pieces.


Innate Abilities, Weirdness & Mutations

You have a pair of horns on your head.
You reflexively headbutt those who attack you in melee.
You have large cloven feet.
You are strong-willed. (Will+)
You have hidden genetic potential.


   Skills:
 - Level 5.8 Fighting
 + Level 7.5 Ranged Weapons
 - Level 1.2 Armour
 - Level 2.1 Dodging
 - Level 0.7 Stealth


You had 5 spell levels left.
You didn't know any spells.
Your spell library was empty.

Inventory:

Hand Weapons
 Y - a +1 shortbow of freezing (weapon)
Armour
 a - a +1 robe of willpower (worn)
 k - a +0 ring mail
Jewellery
 c - a ring of resist corrosion (left hand)
Scrolls
 b - a scroll of identify
 j - a scroll of teleportation {unknown}
Potions
 d - a potion of magic {unknown}
 e - a potion of cancellation {unknown}
 f - a potion of curing
 g - 2 potions of mutation
 h - a potion of might {unknown}
 i - a potion of degeneration {unknown}

Dungeon Overview and Level Annotations

Branches:
Dungeon (4/15)              Sewer (1/1)
 Temple: D:4-7

Altars:
Trog

Annotations:
D:3 1 runed translucent door, Crazy Yiuf


Message History

The ball python misses you.
The ball python hisses angrily.
You shoot an arrow. The arrow hits the adder!
The arrow freezes the adder.
You kill the adder!
The ball python bites you but does no damage.
The ball python grabs you. The ball python constricts you.
You shoot an arrow. The arrow hits the ball python.
The ball python seems to slow down.
The arrow freezes the ball python.
The ball python is severely wounded.
The bullfrog hits you. The ball python closely misses you.
The ball python constricts you.
You shoot an arrow. The arrow hits the ball python.
The arrow freezes the ball python.
You kill the ball python!
The bullfrog hits you. The bullfrog hits you! The adder barely misses you.
The bullfrog hits you.
You shoot an arrow. The arrow hits the bullfrog.
The bullfrog seems to slow down.
The arrow freezes the bullfrog.
The bullfrog is moderately wounded.
The adder bites you.
You are poisoned.
The adder poisons you! The bullfrog barely misses you. The bullfrog hits you.
The ball python bites you. The ball python grabs you.
The ball python constricts you.
You shoot an arrow. The arrow hits the ball python.
The ball python seems to slow down.
The arrow freezes the ball python.
You kill the ball python!
You feel sick.
The bullfrog is no longer moving slowly.
The adder bites you. The bullfrog hits you. The bullfrog closely misses you.
The adder bites you.
You are more poisoned.
The adder poisons you! The bullfrog hits you.
You shoot an arrow. The arrow misses the bullfrog.
You feel sick. The bullfrog closely misses you. The adder bites you.
The bullfrog hits you! The bullfrog hits you.
The frilled lizard bites you but does no damage.
You shoot an arrow. The arrow misses the bullfrog.
You feel sick. The bullfrog hits you. The adder bites you.
You die...

~~~~~#
#####~~~~~~#
~~~~~#
#~~~~~~#
~~~~~#
#~~~~~~#
~~~~~#
#~~~~~~#
~~~~~#
#~~~~~~#
~~.~~#
#~~~~~~#
~..~~#
#~~~~~~#
~...~#
#~~~l.~#
~~~~~#
#~~~S@~#
~~~~~#
#~~~#FF#
~~~~~#
#~~~~#S#
~~~~~# #~~~~
~# ~~~~~#
#~~~~ ~#
~~~~~#
#~~~~~~#
~~~~~# #~~~~
~# .~...#
#..~. .#
.....# #....
S#


You could see 2 bullfrogs, an adder, a ball python and a frilled lizard.

Vanquished Creatures
  Sigmund (D:3)
  A scorpion (D:4)
  A hound (D:3)
  An orc wizard (D:3)
  3 river rats (Sewer)
  5 adders
  2 worms (D:2)
  5 dart slugs
  13 orcs (D:3)
  3 endoplasms
  A giant cockroach (D:1)
  5 goblins
  5 hobgoblins
  5 jackals
  7 kobolds
  8 quokkas
  10 ball pythons
  8 bats
  6 frilled lizards
  23 rats
113 creatures vanquished.

Notes
Turn   | Place    | Note
-------+----------+-------------------------------------------
     0 | D:1      | qw the Minotaur Hunter began the quest for the Orb.
     0 | D:1      | Reached XP level 1. HP: 18/18 MP: 0/0
     0 | D:1      | 0 ||| qw: Version: 0.2-a-122-gbc61b45
     0 | D:1      | 0 ||| qw: Game counter: 3547
     0 | D:1      | 0 ||| qw: Always use a shield: true
     0 | D:1      | 0 ||| qw: God list: Okawaru
     0 | D:1      | 0 ||| qw: Allow faded altars: false
     0 | D:1      | 0 ||| qw: Do Orc after D:15 true
     0 | D:1      | 0 ||| qw: Do second Lair branch before Depths: true
     0 | D:1      | 0 ||| qw: Lair rune preference: random
     0 | D:1      | 0 ||| qw: Plans: Normal
     0 | D:1      | 0 ||| PLANNING D:1-11
   152 | D:1      | Reached XP level 2. HP: 25/25 MP: 1/1
   159 | D:1      | Reached skill level 5 in Ranged Weapons
   403 | D:1      | Reached skill level 3 in Fighting
   449 | D:1      | Found a faded altar of an unknown god.
   568 | D:1      | Reached XP level 3. HP: 31/31 MP: 2/2
   805 | D:1      | 805 ||| UPGRADING to +0 ring mail.
   815 | D:1      | 815 ||| DROPPING +0 leather armour.
   816 | D:1      | 816 ||| READING scroll labelled HAFYOSHRE SIORPH.
   817 | D:1      | 817 ||| READING scroll labelled QOIMNU ICORIL.
   818 | D:1      | 818 ||| READING scroll labelled ESAFRU JYPLA.
   819 | D:1      | 819 ||| READING scroll labelled TOOHON GOUDORR.
   820 | D:1      | 820 ||| DROPPING scroll of butterflies.
   890 | D:2      | Reached skill level 1 in Armour
  1138 | D:2      | Reached XP level 4. HP: 36/38 MP: 3/3
  1507 | D:2      | 1507 ||| UPGRADING to +1 robe of willpower.
  1517 | D:2      | 1517 ||| UPGRADING to ring of resist corrosion.
  1518 | D:2      | 1518 ||| READING scroll labelled VAB LUMYCIWK.
  1519 | D:2      | 1519 ||| DRINKING 2 metallic golden potions.
  1520 | D:2      | 1520 ||| DROPPING potion of brilliance.
  1560 | D:3      | Reached skill level 6 in Ranged Weapons
  1563 | D:3      | 1563 ||| FLEEEEING.
  1564 | D:3      | 1564 ||| FLEEEEING.
  1568 | D:3      | 1568 ||| FLEEEEING.
  1569 | D:3      | 1569 ||| STAIRDANCE
  1733 | D:3      | Found a bloodstained altar of Trog.
  1915 | D:3      | Noticed Sigmund
  1922 | D:3      | Killed Sigmund
  1923 | D:3      | Reached XP level 5. HP: 33/50 MP: 4/4
  1923 | D:3      | Reached XP level 6. HP: 38/57 MP: 5/5
  2109 | D:3      | 2109 ||| FLEEEEING.
  2110 | D:3      | 2110 ||| FLEEEEING.
  2111 | D:3      | 2111 ||| FLEEEEING.
  2112 | D:3      | 2112 ||| FLEEEEING.
  2113 | D:3      | 2113 ||| FLEEEEING.
  2114 | D:3      | 2114 ||| FLEEEEING.
  2115 | D:3      | 2115 ||| FLEEEEING.
  2116 | D:3      | 2116 ||| FLEEEEING.
  2117 | D:3      | 2117 ||| FLEEEEING.
  2365 | D:3      | Found a runed translucent door.
  2366 | D:3      | Noticed Crazy Yiuf
  2369 | D:3      | 2369 ||| READING 2 scrolls labelled TUTWYHU APTELA.
  2470 | D:3      | 2470 ||| READING scroll labelled ANLOEH DUREMA.
  2471 | D:3      | 2471 ||| READING scroll labelled RURASAO MEIH.
  2472 | D:3      | 2472 ||| READING 2 scrolls labelled XUUFUA HYSAP.
  2473 | D:3      | 2473 ||| DRINKING 2 cyan potions.
  2474 | D:3      | 2474 ||| DRINKING 2 fizzy ruby potions.
  2474 | D:3      | Gained mutation: You have large cloven feet. [potion of
                  | mutation]
  2474 | D:3      | Gained mutation: You have hidden genetic potential. [potion
                  | of mutation]
  2474 | D:3      | Gained mutation: You are strong-willed. (Will+) [potion of
                  | mutation]
  2475 | D:3      | 2475 ||| READING 2 scrolls of identify.
  2475 | D:3      | 2475 ||| IDENTIFYING bubbling pink potion
  2476 | D:3      | 2476 ||| DROPPING potion of enlightenment.
  2477 | D:3      | 2477 ||| DROPPING scroll of silence.
  2478 | D:3      | 2478 ||| DROPPING scroll of magic mapping.
  2511 | D:4      | 2511 ||| PLANNING SEWER
  2513 | D:4      | 2513 ||| STAIRDANCE
  2712 | D:4      | Reached skill level 7 in Ranged Weapons
  2814 | D:4      | Found a glowing drain.
  2825 | Sewer    | Entered a sewer
  2839 | Sewer    | 2839 ||| Stepping ~*~*~tactically~*~*~ (water).
  2841 | Sewer    | 2841 ||| Stepping ~*~*~tactically~*~*~ (water).
  2853 | Sewer    | 2853 ||| Stepping ~*~*~tactically~*~*~ (water).
  2972 | Sewer    | 2972 ||| Stepping ~*~*~tactically~*~*~ (water).
  3024 | Sewer    | 3024 ||| Stepping ~*~*~tactically~*~*~ (water).
  3032 | Sewer    | HP: 11/57 [bullfrog (8)]
  3032 | Sewer    | HP: 5/57 [bullfrog (6)]
  3033 | Sewer    | HP: 1/57 [bullfrog (2)]
  3033 | Sewer    | Slain by an adder

Levels and vault maps discovered:
D:1:      minmay_arrival_shoal_huts, layout_basic,
          shapermc_ecumenical_altar_mp_highgroup
D:2:      layout_loops_ring
D:3:      layout_basic, trog_three_pillars_becter, roderic_lattice_a,
          chequers_serial_rivers_micro_a, chequers_serial_rivers_room_a,
          uniq_sigmund, uniq_crazy_yiuf_cottage
D:4:      layout_cave_pods, nicolae_overflow_hidden_temple, lemuel_tele_altar,
          chequers_temple_overflow_minitemple, okawaru_trees_2,
          cheibrodos_sewer_entry_drain
Sewer:    sewer_minmay_w

Skill      XL: |  1  2  3  4  5  6 |
---------------+-------------------+-----
Ranged Weapons | 5 6 7 |  7.5
Fighting       | 3 5 |  5.8
Armour         | 1 |  1.2
Dodging        | |  2.1
Stealth        | |  0.7

Action                     |  1- 3 |  4- 6 || total
---------------------------+-------+-------++-------
   Fire: Shortbow          |   113 |   189 ||   302
    Use: Scroll            |     4 |     6 ||    10
         Potion            |       |     3 ||     3
 Armour: Leather armour    |     4 |       ||     4
         Ring mail         |     9 |     3 ||    12
         Robe              |       |    16 ||    16
  Dodge: Dodged            |    18 |    43 ||    61

Table legend:
 A = Non-vault XP
 B = Vault XP
 C = Vault XP percentage of total XP
 D = Non-vault monster count
 E = Vault monster count
 F = Vault count percentage of total count
                 A         B        C        D         E       F
            +---------+---------+-------+---------+---------+-------
      Total |     338 |     341 |  50.2 |      74 |      39 |  34.5
            +---------+---------+-------+---------+---------+-------
        D:1 |      46 |       0 |   0.0 |      24 |       0 |   0.0
        D:2 |      60 |       0 |   0.0 |      17 |       0 |   0.0
        D:3 |     149 |     226 |  60.3 |      32 |       1 |   3.0
        D:4 |      83 |       3 |   3.5 |       1 |       2 |  66.7
      Sewer |       0 |     112 | 100.0 |       0 |      36 | 100.0
            +---------+---------+-------+---------+---------+-------
